 Dungeon Crawl Stone Soup version 0.20-a0-266-gdedccd6 (webtiles) character file.

14 gamerape the Skirmisher (level 2, -7/20 HPs)
             Began as a Gargoyle Chaos Knight on Dec 5, 2016.
             Killed from afar by a steam dragon (12 damage)
             ... with a ball of steam
             ... on level 1 of the Dungeon.
             The game lasted 00:02:37 (428 turns).

gamerape the Skirmisher (Gargoyle Chaos Knight)      Turns: 428, Time: 00:02:38

Health: -7/20      AC: 10    Str: 15    XL:     2   Next: 45%
Magic:  2/2        EV: 11    Int: 12    God:    Xom [......]
Gold:   50         SH:  0    Dex:  9    Spells: 1/1 levels left

rFire  . . .     SeeInvis .     a - +0 mace (chaos)
rCold  . . .     Gourm    .     b - +2 leather armour
rNeg   + . .     Faith    .     (no shield)
rPois  ∞         Spirit   .     l - +0 helmet
rElec  +         Reflect  .     (no cloak)
rCorr  .         Harm     .     (no gloves)
MR     .....                    m - +0 pair of boots
Stlth  +.........               (no amulet)
                                (no ring)
                                (no ring)

@: no status effects
A: negative energy resistance 1, electricity resistance, unbreathing,
petrification resistance, rot immunity, AC +2
a: Renounce Religion


You were on level 1 of the Dungeon.
You worshipped Xom.
You were a very special plaything of Xom.
You were not hungry.

You visited 1 branch of the dungeon, and saw 1 of its levels.

You collected 50 gold pieces.

Inventory:

Hand Weapons
 a - a +0 mace of chaos (weapon)
 j - a +0 whip
Armour
 b - a +2 leather armour (worn)
 l - a +0 helmet (worn)
 m - a +0 pair of boots (worn)
Jewellery
 d - a +6 ring of protection {unknown}
Scrolls
 f - 2 scrolls of identify {unknown}
 h - a scroll of remove curse {unknown}
Potions
 e - a potion of cure mutation {unknown}
 i - a potion of brilliance {unknown}
 k - a potion of heal wounds {unknown}
Comestibles
 c - a bread ration
 g - a chunk of flesh


   Skills:
 + Level 3.7 Fighting
 + Level 3.3 Maces & Flails
 + Level 2.3 Armour
 + Level 0.7 Dodging


You had one spell level left.
You didn't know any spells.

Dungeon Overview and Level Annotations

Branches:
Dungeon (1/15)

Altars:


Innate Abilities, Weirdness & Mutations

You are resistant to torment.
Your stone body is resilient. (AC +2)
You are immune to poison.
You resist negative energy. (rN+)
You are resistant to electric shocks. (rElec)
You can survive without breathing.
You are immune to petrification.
You are immune to rotting.


Message History

* * * LOW HITPOINT WARNING * * *
There is an open door here.
A dart slug comes into view.
The dart slug bites you but does no damage.
There is an open door here.
Things that are here:
a dagger; a bat corpse; a goblin corpse Xom's power touches on a nearby monster.
The iguana suddenly seems more agile.
There is an open door here.
Xom makes a sudden noise!
You hear strange voices.
You see here a frilled lizard corpse.
You hear Xom's avuncular chuckle.
The iguana evaporates and reforms as a steam dragon!
The steam dragon breathes steam at you. The ball of steam misses you.
The steam dragon breathes steam at you. The ball of steam hits you!
Ouch! That really hurt!
You die...

#..#.#.### ##
..### #..#.#.# ...
#....
#.†#.#.###..##
#..†........(.
.....
#.##..........
.####
#......####.##
######.# #.# #@#
#. #§# #..#.# #
#§# #..#.# ## #.#
#..#.. ##.
#D######..#.# ##8.
#..§D..#..#.###[..
######.#..#.##8...
#.#..#..'....
#.†.D...#8)..


There were no monsters in sight!

Vanquished Creatures
  3 bats (D:1)
  A goblin (D:1)
  A hobgoblin (D:1)
  A kobold (D:1)
  6 frilled lizards (D:1)
  5 rats (D:1)
17 creatures vanquished.

Notes
Turn   | Place    | Note
-------+----------+-------------------------------------------
     0 | D:1      | gamerape the Gargoyle Chaos Knight began the quest for the Orb.
     0 | D:1      | Reached XP level 1. HP: 14/14 MP: 1/1
   169 | D:1      | Reached XP level 2. HP: 16/19 MP: 2/2
   182 | D:1      | XOM: divination: detect items
   290 | D:1      | XOM: harmless Summ miscast
   311 | D:1      | XOM: silly message
   343 | D:1      | XOM: polymorph giant cockroach -> iguana
   358 | D:1      | XOM: noise
   364 | D:1      | XOM: 4-stop teleportation journey
   366 | D:1      | HP: 1/20 [iguana (9)]
   411 | D:1      | XOM: enchant monster (bad)
   412 | D:1      | XOM: noise
   418 | D:1      | Noticed a steam dragon
   418 | D:1      | an iguana changed into a steam dragon
   418 | D:1      | XOM: polymorph iguana -> steam dragon
   428 | D:1      | Killed from afar by a steam dragon

Vault maps used:
D:1:      lightli_molten_gateway, serial_bayou_ford_a, dk_noncrumbling_4,
          minmay_pentomino_x2

Action                   || total
-------------------------++-------
Melee: Mace              ||    59
Armor: Leather armour    ||    37
Dodge: Dodged            ||    49
